Map: Ruby Rock LE

Players

抖音月野鹿 - Winner!

  • Race: Zerg Zerg
  • League: Master

电脑难度(新手)

  • Race: Protoss Protoss

VOD

Have the link to the VOD?

Description

Time

  • Played on: March 7, 2026, 2:59 a.m.
  • Length: 6:07
Show
View Real Time Build Order
Export as new Build Order

抖音月野鹿 Zerg - Winner!

Build Orders: Hatch First 

Get SALT Encoding   

  12  0:00  Drone  
  13  0:11  Drone  
  14  0:15  Extractor, Drone  
  15  0:21  Overlord  
  15  0:40  Drone  
  16  0:46  Hatchery  
  16  0:49  Drone  
  16  0:53  Drone  
  16  0:56  Drone  
  18  1:07  Extractor  
  17  1:12  Spawning Pool  
  17  1:15  Drone  
  17  1:19  Drone  
  18  1:27  Drone  
  19  1:38  Drone  
  20  1:48  Drone  
  21  1:58  Queen x2  
  21  1:59  Zergling x2  
  21  2:00  Overlord  
  26  2:09  Drone  
  26  2:10  Drone  
  28  2:20  Drone x2  
  30  2:30  Drone  
  30  2:33  Drone  
  30  2:34  Queen  
  34  2:37  Lair  
  34  2:40  Overlord  
  34  2:43  Drone  
  35  2:46  Evolution Chamber  
  34  2:52  Drone x2  
  36  2:59  Roach Warren  
  36  3:03  Drone x2  
  37  3:06  Drone  
  37  3:12  Zerg Missile Weapons Level 1  
  38  3:13  Drone x2  
  38  3:15  Drone  
  38  3:19  Overlord  
  41  3:23  Drone x2  
  41  3:25  Drone  
  44  3:32  Extractor  
  44  3:33  Drone  
  44  3:34  Extractor  
  44  3:36  Drone  
  44  3:38  Glial Reconstitution  
  44  3:39  Overlord  
  44  3:41  Drone  
  45  3:44  Drone x2  
  45  3:47  Drone  
  45  3:48  Drone x2  
  50  3:50  Drone  
  50  4:01  Hatchery  
  49  4:05  Roach x2  
  49  4:09  Overlord  
  53  4:13  Roach  
  55  4:20  Roach x2  
  55  4:22  Overlord  
  59  4:29  Roach x4  
  67  4:33  Overlord  
  67  4:41  Roach  
  67  4:45  Roach x3  
  75  4:46  Overlord  
  75  4:56  Roach x4  
  75  4:58  Overlord  
  83  5:05  Roach  
  85  5:10  Roach x2  
  89  5:14  Drone x4  
  89  5:20  Overlord  
  93  5:22  Drone  
  93  5:24  Drone  
  93  5:25  Overlord  
  93  5:26  Drone  
  96  5:28  Drone  
  96  5:32  Drone x2  
  99  5:37  Overlord  
  99  5:41  Drone  
  99  5:42  Drone  
  101  5:44  Drone x6  
  101  5:46  Drone  
  108  5:54  Drone x2  
  108  5:55  Extractor  
Show
View Real Time Build Order
Export as new Build Order

电脑难度(新手) Protoss 

Build Orders:  

Get SALT Encoding   

  12  0:00  Probe  
  13  0:13  Probe  
  14  0:20  Pylon  
  14  0:36  Assimilator  
  14  0:42  Gateway  
  14  0:47  Pylon  
  14  1:15  Assimilator  
  14  1:24  Probe  
  14  1:30  Zealot  
  14  1:32  Probe, Cybernetics Core  
  18  1:40  Probe  
  19  1:50  Probe  
  20  1:58  Warp Gate  
  20  2:00  Probe  
  21  2:08  Probe  
  22  2:35  Stalker  
  24  4:49  Probe  
  24  5:32  Stalker  
  24  5:34  Pylon  
  20  5:47  Pylon  
Tags
 
Add a new tag
Caveats
  • Supply blocks, unpowered buildings, or Contaminate may cause inaccurate times.
  • Supply counts are checked every 10 seconds.